 Dungeon Crawl Stone Soup version 0.30-a0-672-gc3a7216ad8 (webtiles) character file.

Game seed: 4541122441110468270

102 wormed the Gusty (level 4, 0/29 HPs)
             Began as an Octopode Air Elementalist on Jan 18, 2023.
             Slain by a gnoll
             ... wielding a +0 flail
              (9 damage)
             ... on level 3 of the Dungeon.
             The game lasted 00:03:38 (2744 turns).

wormed the Gusty (Octopode Air Elementalist)        Turns: 2744, Time: 00:03:38

Health: 0/29       AC:  1    Str:  7    XL:     4   Next: 78%
Magic:  7/7        EV: 13    Int: 19    God:
Gold:   207        SH:  0    Dex: 12    Spells: 0/7 levels left

rFire   . . .      SeeInvis .    g - staff of poison
rCold   . . .      Faith    .    (no shield)
rNeg    . . .      Spirit   .    (helmet restricted)
rPois   +          Reflect  .    (no amulet)
rElec   .          Harm     .    (no ring)
rCorr   .          Rampage  .    (no ring)
Will    .....                    (no ring)
Stlth   +++                      (no ring)
HPRegen 0.24/turn                (no ring)
MPRegen 0.10/turn                (no ring)
                                 (no ring)
                                 (no ring)

@: no status effects
A: almost no armour, amphibious, 8 rings, camouflage 1, gelatinous body 1,
(nimble swimmer 1), tentacles
a: no special abilities


You were on level 3 of the Dungeon.
You visited 1 branch of the dungeon, and saw 4 of its levels.

You collected 207 gold pieces.

Inventory:

Magical Staves
 g - a staff of poison (weapon)
Jewellery
 h - a ring of fire
Scrolls
 i - a scroll of teleportation
Potions
 a - 2 potions of magic
 b - 2 potions of curing
 c - 2 potions of might
 d - a potion of lignification
 f - a potion of invisibility {unknown}


   Skills:
 + Level 1.7 Fighting
 + Level 2.9 Dodging
 - Level 2.6 Stealth
 + Level 1.8 Unarmed Combat
 - Level 2.0 Spellcasting
 - Level 1.0 Conjurations
 * Level 2.0 Transmutations
 - Level 3.0 Air Magic
 + Level 0.0 Poison Magic


You couldn't memorise any spells.
You knew the following spells:

 Your Spells              Type           Power      Damage    Failure   Level
a - Beastly Appendage     Tmut           18%        N/A       8%          1
b - Wereblood             Tmut           9%         N/A       11%         2
c - Spider Form           Tmut/Pois      8%         N/A       32%         3
z - Shock                 Conj/Air       36%        1d5       8%          1

Your spell library contained the following spells:

 Spells                   Type           Power      Damage    Failure   Level
 Static Discharge         Conj/Air       18%        2-3/arc   11%         2
 Swiftness                Air            13%        N/A       14%         3
 Airstrike                Air            6%         2d(1-17)  43%         4


Dungeon Overview and Level Annotations

Branches:
Dungeon (4/15)
 Temple: D:4-7

Altars:
Sif Muna


Innate Abilities, Weirdness & Mutations

You cannot wear most types of armour.
You are amphibious.
You can wear up to eight rings at the same time.
Your skin changes colour to match your surroundings (Stealth+).
Your rubbery body absorbs attacks. (AC +1, EV +1)
((You are camouflaged when in or above water. (Stealth+)))
You have tentacles for arms and can constrict up to eight enemies at once.


Message History

There is a stone staircase leading down here.
You climb downwards.
There is a stone staircase leading up here.
There are monsters nearby!
There are monsters nearby!
Casting: Wereblood (safe; 11% risk of failure)
Confirm with . or Enter, or press ? or * to list all spells.
One of your tentacles grows a vicious spike.
A gnoll comes into view.
It is wielding a +1 whip of electrocution.
A gnoll comes into view. It is wielding a +1 flail of draining.
The gnoll hits you with a +0 whip.
The gnoll shouts!
You hit the gnoll but do no damage. You grab the gnoll.
Your transformation is almost over.
You constrict the gnoll, but do no damage.
The gnoll shouts! x2
The gnoll hits you with a +0 flail! The gnoll hits you with a +0 whip.
* * * LOW HITPOINT WARNING * * *
You release your grip on the gnoll.
The gnoll attacks as you move away! The gnoll hits you with a +0 whip.
* * * LOW HITPOINT WARNING * * *
The gnoll attacks as you move away!
The gnoll hits you with a +1 whip of electrocution.
* * * LOW HITPOINT WARNING * * *
You feel much better. The gnoll hits you with a +0 flail!
The gnoll attacks as you move away! The gnoll hits you with a +0 flail!
* * * LOW HITPOINT WARNING * * *
You feel better. The gnoll misses you. The gnoll attacks as you move away!
The gnoll misses you.
There is a stone staircase leading up here.
You climb upwards.
Your tentacle spike disappears.
There is a stone staircase leading down here.
You completely miss the gnoll. You grab the gnoll. You constrict the gnoll.
The gnoll hits you with a +0 flail.
You hit the gnoll.
The gnoll is moderately wounded.
You constrict the gnoll, but do no damage.
The gnoll hits you with a +0 flail!
You die...

.# ##..........# ##...####.... .#
#...........# ###..#...#..... .#
#...........###...##...#.###. .#
##........................###.
.###...........^.##.####...##....
..##.##...#.........# #...##.###
''##.###..#......#### #...##.#
††.#####.##..##..## #...##.#
....###..##.....@.# #...##.#
≈.≈..#..##...#..#g## ###.##.#
.⌠...####...###.#..#######.#..#
⌠.≈..#.....####..............####
.§≈..#.....>.....#.########.###..
....##.....####.##.# #.........#
...###.....# #.##.# #.........#
''## ##..### #....## #........##
...####.## ###...# #........#


You could see a gnoll.

Vanquished Creatures
  4 adders
  An ufetubus (D:3)
  3 worms
  11 bats
  6 endoplasms
  A giant cockroach (D:2)
  A goblin (D:2)
  4 hobgoblins (D:1)
  2 jackals (D:2)
  3 quokkas
  4 ball pythons
  4 frilled lizards
  7 kobolds
  3 rats
54 creatures vanquished.

Notes
Turn   | Place    | Note
-------+----------+-------------------------------------------
     0 | D:1      | wormed the Octopode Air Elementalist began the quest for
                  | the Orb.
     0 | D:1      | Reached XP level 1. HP: 11/11 MP: 3/3
   218 | D:1      | Reached XP level 2. HP: 17/18 MP: 5/5
   248 | D:1      | Learned a level 1 spell: Beastly Appendage
   251 | D:1      | Learned a level 2 spell: Wereblood
   348 | D:1      | Reached skill level 1 in Unarmed Combat
   364 | D:1      | Reached skill level 1 in Fighting
   711 | D:1      | Reached XP level 3. HP: 23/23 MP: 6/6
  1237 | D:2      | Reached skill level 1 in Transmutations
  1544 | D:2      | Reached XP level 4. HP: 21/28 MP: 4/7
  1660 | D:2      | Found a shimmering blue altar of Sif Muna.
  2723 | D:3      | Learned a level 3 spell: Spider Form
  2744 | D:3      | Slain by a gnoll

Illustrated notes

Levels and vault maps discovered:
D:1:      heliophobic_arrival_dark_side_of_the_moon, layout_loops_corners,
          st_stairs_4
D:2:      layout_basic, basic_altar
D:3:      layout_rooms, kennysheep_generic_room_3
D:4:      layout_loops_ring, serial_shops, shop

Skill      XL: |  1  2  3  4 |
---------------+-------------+-----
Unarmed Combat | 1 |  1.8
Fighting       | 1 |  1.7
Transmutations | 1 2 |  2.0
Dodging        | |  2.9
Stealth        | |  2.6
Spellcasting   | |  2.0
Conjurations   | |  1.0
Air Magic      | |  3.0

Action                   |  1- 3 |  4- 6 || total
-------------------------+-------+-------++-------
Melee: Unarmed           |    98 |    50 ||   148
       Constrict         |    23 |    15 ||    38
       Tentacles         |    20 |     4 ||    24
       Punch             |     3 |     1 ||     4
       Kick              |    15 |    11 ||    26
       Staff             |       |     3 ||     3
 Cast: Beastly Appendage |    10 |    13 ||    23
       Wereblood         |     3 |    13 ||    16
  Use: Scroll            |     3 |     5 ||     8
       Potion            |       |     2 ||     2
 Stab: Sleeping          |     8 |     5 ||    13
Armor: Skin              |    16 |     8 ||    24
Dodge: Dodged            |    58 |    31 ||    89

Table legend: (Time is in decaauts)
 A = Elapsed time spent in this place.
 B = Non-inter-level travel time spent in this place.
 C = Inter-level travel time spent in this place.
 D = Time resting spent in this place.
 E = Time spent auto-exploring this place.
 F = Levels seen in this place.
 G = Mean time per level.
                   A        B        C        D        E       F      G
               +--------+--------+--------+--------+--------+-----+--------+
         Total |   2739 |   2674 |     65 |      0 |   2185 |   4 |  684.8 |
       Dungeon |   2739 |   2674 |     65 |      0 |   2185 |   4 |  684.8 |
               +--------+--------+--------+--------+--------+-----+--------+

Top non-repeatable levels by time:
     D:1: 1222 daAuts
     D:2: 778 daAuts
     D:3: 724 daAuts
     D:4: 14 daAuts
